 Dungeon Crawl Stone Soup version 0.29-a0-584-gb10a8bf730 (webtiles) character file.

Game seed: 15091645171986835114

3422 Bruhh the Thaumaturge (level 10, -6/68 HPs)
             Began as a Djinni Fire Elementalist on June 15, 2022.
             Was a Follower of Hepliaklqana.
             Killed from afar by an electric eel (9 damage)
             ... with a bolt of electricity
             ... on level 7 of the Dungeon.
             The game lasted 00:10:04 (11496 turns).

Bruhh the Thaumaturge (Djinni Fire Elementalist)   Turns: 11496, Time: 00:10:05

Health: -6/68      AC:  3    Str:  7    XL:     10   Next: 25%
Gold:   492        EV: 12    Int: 22    God:    Hepliaklqana [*.....] SH:  0 Dex: 19

rFire   + + .      SeeInvis .   z - +4 scimitar
rCold   x . .      Faith    +   (no shield)
rNeg    . . .      Spirit   .   a - +0 robe
rPois   ∞          Reflect  .   F - +0 helmet
rElec   .          Harm     .   (no cloak)
rCorr   .          Rampage  .   (no gloves)
Will    ++...                   (boots unavailable)
Stlth   ++........              A - amulet of faith
HPRegen 0.21/turn               c - ring of willpower
MPRegen 0.00/turn               y - +6 ring of dexterity

@: flying
A: reduced essence, sickness immunity, fire resistance 2, cold vulnerability 1,
float, innate caster, HP casting, extra vitality 1
a: Renounce Religion, Recall Ancestor, Ancestor Identity


You were on level 7 of the Dungeon.
You worshipped Hepliaklqana.
Hepliaklqana was aware of your devotion.
You visited 1 branch of the dungeon, and saw 7 of its levels.
You also visited: Ossuary.

You collected 492 gold pieces.

Inventory:

Hand Weapons
 p - the +7 spear of the Lost Stars {chaos, Int+2}
   (You found it on level 3 of the Dungeon)

   Each time it hits an enemy it has a different, random effect.
   Int:       It affects your intelligence (+2).
 z - a +4 scimitar (weapon)
Armour
 a - a +0 robe (worn)
 E - a +0 buckler
 F - a +0 helmet (worn)
Jewellery
 c - a ring of willpower (left hand)
 h - a ring of willpower
 y - a +6 ring of dexterity (right hand)
 A - an amulet of faith (around neck)
 C - an amulet of the acrobat
Wands
 v - a wand of acid (4)
 B - a wand of iceblast (6)
Scrolls
 b - 3 scrolls of enchant weapon
 i - 3 scrolls of immolation
 j - a scroll of poison {unknown}
 m - 2 scrolls of fear
 n - 4 scrolls of teleportation
 s - 2 scrolls of magic mapping
 t - a scroll of torment {unknown}
 w - a scroll of enchant armour {unknown}
 D - a scroll of amnesia {unknown}
Potions
 e - a potion of invisibility
 f - a potion of might
 g - a potion of flight {unknown}
 k - 2 potions of haste
 l - a potion of lignification {unknown}
 o - 2 potions of attraction
 q - a potion of brilliance {unknown}
 r - 3 potions of ambrosia
 u - a potion of curing
 x - 3 potions of heal wounds {unknown}


   Skills:
 + Level 7.7 Fighting
 - Level 2.1 Dodging
 - Level 1.5 Stealth
 + Level 3.0 Shields
 - Level 9.0 Spellcasting


You had 4 spell levels left.
You knew the following spells:

 Your Spells              Type           Power      Damage    Failure   Level
a - Foxfire               Conj/Fire      100%       2x1d9     1%          1
b - Scorch                Fire           98%        2d9       1%          2
c - Conjure Flame         Conj/Fire      49%        6-21      1%          3
d - Inner Flame           Hex/Fire       49%        N/A       1%          3
e - Flame Wave            Conj/Fire      49%        2d10      1%          4
f - Apportation           Tloc           98%        N/A       1%          1
g - Searing Ray           Conj           98%        2d8       1%          2
h - Stone Arrow           Conj/Erth      98%        3d13      1%          3
i - Summon Ice Beast      Ice/Summ       49%        N/A       1%          4
Your spell library was empty.

Dungeon Overview and Level Annotations

Branches:
Dungeon (7/15)             Temple (0/1) D:7         Ossuary (visited)

Altars:
Ashenzari
Cheibriados
Hepliaklqana
Nemelex Xobeh
Vehumet
Yredelemnul
The Shining One

Shops:
D:1 [   D:6 *


Innate Abilities, Weirdness & Mutations

Your life essence is reduced to manifest your ancestor. (-10% HP)
You are immune to sickness and miasma.
You are immune to poison.
Your flesh is very heat resistant. (rF++)
You are vulnerable to cold. (rC-)
You float through the air rather than walking.
You learn spells naturally, not from books.
Your magical power is your life essence.
You have superior vitality. (+4 MHP)


Message History

The bolt of electricity hits you.
Casting: Stone Arrow (safe; 1% risk of failure)
Confirm with . or Enter, or press ? or * to list all spells.
Aiming: Stone Arrow (safe; 1% risk of failure)
Press: ? - help, Shift-Dir - straight line, f - electric eel
Aim: an electric eel (water, ally target, 60% to hit)
The stone arrow hits the electric eel!!
You kill the electric eel!
An electric eel comes into view.
Your Shields skill increases to level 3!
Unknown command.
Casting: Stone Arrow (safe; 1% risk of failure)
Confirm with . or Enter, or press ? or * to list all spells.
Aiming: Stone Arrow (safe; 1% risk of failure)
Press: ? - help, Shift-Dir - straight line, f - electric eel
Aim: an electric eel (60% to hit)
Okay, then.
A bolt of electricity appears from out of your range of vision.
The bolt of electricity hits the plant!
The plant begins to die.
The bolt of electricity hits Servia!
The electric eel shoots out a bolt of lightning at you!
The bolt of electricity hits the plant!
The plant begins to die.
The bolt of electricity hits Servia!
The bolt of electricity hits you!
A nearby plant withers and dies.
Servia hits the electric eel!
The electric eel shoots out a bolt of lightning at you!
The bolt of electricity hits the plant!
The bolt of electricity hits you!
The electric eel shoots out a bolt of lightning at you!
The bolt of electricity hits Servia!
Servia is destroyed!
The bolt of electricity misses you.
The electric eel shoots out a bolt of lightning at you!
The bolt of electricity hits the electric eel.
The electric eel completely resists.
The bolt of electricity hits you!
* * * LOW HITPOINT WARNING * * *
The electric eel shoots out a bolt of lightning at you!
The bolt of electricity hits you!
* * * LOW HITPOINT WARNING * * *
The electric eel shoots out a bolt of lightning at you!
The bolt of electricity hits you!
You die...

.....#...# #...#
####.#...# #...#
#.##'#####'## #.#..#.)...#
≈≈≈P #.....###)## ≈≈≈≈≈P
#####.# #..# ≈≈≈≈P≈
#####.###..####♣♣≈≈≈≈≈≈
####⌠.⌠##..R#.....≈≈≈≈≈≈≈≈
.##..<).########@♣♣≈≈≈≈≈≈≈
##..).)..## #.≈≈≈P≈≈≈≈≈
#...###...## #.≈♣S≈≈≈≈≈≈
⌠.⌠#####R.⌠# #.♣≈P≈≈≈≈≈≈
#.## #.##.## #.≈≈†≈≈≈≈≈≈
..####.....# ##♣♣≈S≈≈S≈≈
.###.....#.# ≈≈≈≈≈≈≈
####.#.#.#.## ≈≈≈≈≈≈≈
###.........# ≈≈≈≈≈≈≈


You could see 3 electric eels.

Vanquished Creatures
  Pikel (D:7)
  Prince Ribbit (D:5)
  Sigmund (D:5)
  A water moccasin (D:7)
  3 orc warriors
  A black bear (D:7)
  A sky beast (D:7)
  An ice beast (D:6)
  An ogre (D:6)
  A centaur (D:7)
  3 lemures (D:7)
  3 phantoms
  2 kobold brigands
  A bullfrog (D:7)
  A necrophage (D:6)
  3 wights (D:6)
  2 scorpions (D:4)
  4 water moccasin zombies (Ossuary)
  2 electric eels (D:7)
  4 hounds
  4 orc priests
  7 orc wizards
  2 mummies (Ossuary)
  8 adders
  2 ufetubi
  6 adder zombies (Ossuary)
  A worm (D:4)
  3 dart slugs
  28 orcs
  8 ball pythons
  9 endoplasms
  3 giant cockroaches
  5 gnoll zombies (Ossuary)
  8 goblins
  6 hobgoblins
  3 jackals (D:3)
  4 quokkas
  6 bats
  4 frilled lizards
  8 hobgoblin zombies (Ossuary)
  21 kobolds
  4 kobold zombies (Ossuary)
  4 orc zombies (Ossuary)
  9 rats
200 creatures vanquished.

Vanquished Creatures (collateral kills)
  A lemure (D:7)
  An orc wizard (D:7)
  An orc (D:7)
  A kobold (D:7)
  A foxfire (D:2)
5 creatures vanquished.

Vanquished Creatures (others)
  An ancestor (D:7)
  288 foxfires
  5 plants
294 creatures vanquished.

Grand Total: 499 creatures vanquished

Notes
Turn   | Place    | Note
-------+----------+-------------------------------------------
     0 | D:1      | Bruhh the Djinni Fire Elementalist began the quest for the
                  | Orb.
     0 | D:1      | Reached XP level 1. HP: 15/15 MP: 0/0
    10 | D:1      | Noticed an ogre
   241 | D:1      | Reached XP level 2. HP: 15/21 MP: 0/0
   627 | D:1      | Reached skill level 3 in Spellcasting
   663 | D:1      | Found Keaj's Armour Boutique.
   793 | D:1      | Reached XP level 3. HP: 21/25 MP: 0/0
   793 | D:1      | Learned a level 1 spell: Apportation
  2002 | D:2      | Reached XP level 4. HP: 30/31 MP: 0/0
  2197 | D:2      | Found a faded altar of an unknown god.
  2439 | D:2      | Found a glowing golden altar of the Shining One.
  2969 | D:3      | Reached skill level 4 in Spellcasting
  2978 | D:3      | Reached XP level 5. HP: 23/35 MP: 0/0
  2978 | D:3      | Learned a level 2 spell: Searing Ray
  3246 | D:3      | Found a basalt altar of Yredelemnul.
  4678 | D:3      | Identified the +7 spear of the Lost Stars {chaos, Int+2}
  4877 | D:4      | Found a sand-covered staircase.
  4882 | Ossuary  | Entered an ossuary
  4982 | Ossuary  | Reached XP level 6. HP: 3/40 MP: 0/0
  4983 | Ossuary  | Reached skill level 5 in Spellcasting
  5432 | Ossuary  | Reached XP level 7. HP: 16/45 MP: 0/0
  5432 | Ossuary  | Learned a level 3 spell: Stone Arrow
  6070 | D:4      | Reached skill level 6 in Spellcasting
  6922 | D:4      | Found a sparkling altar of Nemelex Xobeh.
  6957 | D:5      | Entered Level 5 of the Dungeon
  6964 | D:5      | Reached XP level 8. HP: 35/50 MP: 0/0
  7079 | D:5      | Reached skill level 7 in Spellcasting
  7436 | D:5      | Noticed Prince Ribbit
  7443 | D:5      | Killed Prince Ribbit
  7967 | D:5      | Noticed Sigmund
  7974 | D:5      | Killed Sigmund
  7975 | D:5      | Reached skill level 8 in Spellcasting
  8043 | D:5      | Found a hazy altar of Hepliaklqana.
  8044 | D:5      | Found a faded altar of an unknown god.
  8610 | D:5      | Became a worshipper of Hepliaklqana the Forgotten
  8683 | D:6      | Reached XP level 9. HP: 27/55 MP: 0/0
  8683 | D:6      | Learned a level 4 spell: Summon Ice Beast
  8896 | D:6      | Found Zoiniucw's Assorted Antiques.
  9096 | D:6      | Reached skill level 9 in Spellcasting
  9096 | D:6      | Reached skill level 1 in Fighting
  9943 | D:6      | Found a snail-covered altar of Cheibriados.
 10121 | D:7      | Reached * piety under Hepliaklqana
 10357 | D:7      | Reached skill level 5 in Fighting
 10362 | D:7      | Found a broken altar of Ashenzari.
 10554 | D:7      | Found a staircase to the Ecumenical Temple.
 10906 | D:7      | Reached XP level 10. HP: 59/65 MP: 0/0
 11172 | D:7      | Noticed Pikel
 11420 | D:7      | Killed Pikel
 11496 | D:7      | HP: 3/68 [electric eel/bolt of electricity (10)]
 11496 | D:7      | Killed from afar by an electric eel

Illustrated notes

Levels and vault maps discovered:
D:1:      evilmike_arrival_come_back, layout_rooms, serial_shops, shop
D:2:      layout_basic, basic_altar, hellmonk_ecumenical_altar_blasted,
          serial_bayou_ford_a
D:3:      minmay_spotlight, layout_loops_corners, jmf_multi_god_temple
D:4:      layout_loops_ring, nemelex_dance_club_becter,
          lightli_ossuary_entry_decrepit_ruins
D:5:      layout_cave_pods, beargit_hepliaklqana_dungeon_heroes, fountainhead,
          uniq_sigmund, uniq_prince_ribbit1
D:6:      layout_cave_pods, mainiacjoe_overflow_alcove_2, nicolae_stop_n_shop_1,
          small_statue_intersection, nrook_campfire,
          minmay_a_box_with_orc_wizards_in_it
D:7:      layout_loops_cross, ashenzari_altar_1, minmay_temple_entry_slanted,
          nrook_uturn, grunt_ministairs_8, dreamdust_mushroom_princess,
          supply_closet_lemuel, serial_bayou_lake_a, uniq_pikel

Skill      XL: |  1  2  3  4  5  6  7  8  9 10 |
---------------+-------------------------------+-----
Spellcasting   | 3 4 5 6 8 9 |  9.0
Fighting       | 6 7 |  7.7
Shields        | 3 |  3.0
Dodging        | |  2.1
Stealth        | |  1.5

Action                   |  1- 3 |  4- 6 |  7- 9 | 10-12 || total
-------------------------+-------+-------+-------+-------++-------
Melee: Unarmed           |    10 |    19 |       |       ||    29
       Spear             |       |    18 |     9 |       ||    27
       Punch             |       |     1 |       |       ||     1
       Scimitar          |       |       |     1 |     4 ||     5
 Cast: Foxfire           |    98 |    85 |       |       ||   183
       Scorch            |       |    33 |    10 |       ||    43
       Flame Wave        |       |     1 |     1 |       ||     2
       Inner Flame       |       |     1 |       |       ||     1
       Stone Arrow       |       |       |   114 |    22 ||   136
Invok: Recall Ancestor   |       |       |       |     1 ||     1
  Use: Potion            |       |     3 |       |       ||     3
       Scroll            |       |       |     5 |     6 ||    11
 Stab: Sleeping          |       |     1 |       |       ||     1
Armor: Robe              |     4 |    10 |     3 |     1 ||    18
Dodge: Dodged            |     8 |    55 |    23 |     5 ||    91

Table legend: (Time is in decaauts)
 A = Elapsed time spent in this place.
 B = Non-inter-level travel time spent in this place.
 C = Inter-level travel time spent in this place.
 D = Time resting spent in this place.
 E = Time spent auto-exploring this place.
 F = Levels seen in this place.
 G = Mean time per level.
                   A        B        C        D        E       F      G
               +--------+--------+--------+--------+--------+-----+--------+
         Total |  11496 |  11091 |    405 |      0 |  10077 |   8 | 1437.0 |
       Dungeon |  10327 |   9922 |    405 |      0 |   8991 |   7 | 1475.3 |
       Ossuary |   1169 |   1169 |      0 |      0 |   1086 |   1 | 1169.0 |
               +--------+--------+--------+--------+--------+-----+--------+

Top non-repeatable levels by time:
     D:3: 1919 daAuts
     D:5: 1715 daAuts
     D:6: 1444 daAuts
     D:2: 1409 daAuts
     D:1: 1390 daAuts
     D:7: 1379 daAuts
 Ossuary: 1169 daAuts
     D:4: 1068 daAuts
